 Dungeon Crawl Stone Soup version 0.28.0-53-g5a82cb258f (webtiles) character file.

Game seed: 11759941521845716873

748184 Duralumin the Middleweight Champion (level 27, 0/273 HPs)
             Began as a Ghoul Gladiator on June 19, 2022.
             Was a High Priest of Wu Jian.
             Slain by an ancient lich (4 damage)
             ... on level 1 of Tartarus on July 4, 2022.
             The game lasted 07:57:42 (56135 turns).

Duralumin the Middleweight Champion (GhGl)         Turns: 56135, Time: 07:57:43

Health: 0/273      AC: 41    Str: 37 (38) XL:     27
Magic:  7/47       EV:  5    Int:  6      God:    Wu Jian [*****.]
Gold:   6319       SH: 34    Dex: 12      Spells: 48/50 levels left

rFire   + . .      SeeInvis .     - Unarmed
rCold   + . .      Faith    .   s - +18 shield of the Gong {rElec rN+ Will+ EV-5}
rNeg    + + +      Spirit   .   H - +11 plate armour of the Lily {Slay+4}
rPois   ∞          Reflect  .   Q - +5 hat of Nituakku {Int+3 Slay+3}
rElec   +          Harm     .   w - +2 cloak {rCorr}
rCorr   +          Rampage  .   p - +3 Mad Mage's Maulers {Infuse+∞ RegenMP Int-3}
Will    +....                   y - +2 pair of boots {Fly}
Stlth   ..........              C - amulet of Biwanyr {rF+ Regen+ MP+9}
HPRegen 0.00/turn               c - ring "Lahatuh" {Int+3 Dex+2 Slay+4}
MPRegen 0.70/turn               n - +6 ring of strength

@: about to teleport, corroded, flying, inhibited regen, studying 3 skills,
weak-willed
A: claws 1, cold resistance 1, negative energy resistance 3, inhibited
regeneration, torment resistance 2
}: 6/15 runes: serpentine, barnacled, slimy, silver, golden, abyssal
a: Renounce Religion, Wall Jump, Serpent's Lash, Heavenly Storm


You were on level 1 of Tartarus.
You worshipped Wu Jian.
Wu Jian was extremely pleased with you.
You visited 13 branches of the dungeon, and saw 54 of its levels.
You visited the Abyss 1 time.
You visited 2 bazaars.
You also visited: Sewer, Ossuary and Gauntlet.

You collected 11164 gold pieces.
You spent 4845 gold pieces at shops.

Inventory:

Missiles
 a - 10 throwing nets
 q - 9 javelins
 t - 17 curare-tipped darts (quivered)
 Z - 4 silver javelins
Armour
 p - the +3 Mad Mage's Maulers (worn) {Infuse+∞ RegenMP Int-3}
   (You acquired it on level 1 of the Crypt)

   It empowers its wearer's blows with all of their magic.
   It causes its wearer's magical reserves to regenerate more quickly.
   Int:       It affects your intelligence (-3).
 s - the +18 shield of the Gong (worn) {rElec rN+ Will+ EV-5}
   (You found it on level 3 of the Vaults)

   It is deafeningly noisy when blocking attacks.
   EV:        It affects your evasion (-5).
   rElec:     It insulates you from electricity.
   rN:        It protects you from negative energy.
   Will:      It increases your willpower.
 w - a +2 cloak of preservation (worn)
 y - a +2 pair of boots of flying (worn)
 H - the +11 plate armour of the Lily (worn) {Slay+4}
   (You acquired it in a Gauntlet)

   Slay:      It affects your accuracy & damage with ranged weapons and melee
   (+4).
 Q - the +5 hat of Nituakku (worn) {Int+3 Slay+3}
   (You found it in a Gauntlet)

   Int:       It affects your intelligence (+3).
   Slay:      It affects your accuracy & damage with ranged weapons and melee
   (+3).
Jewellery
 b - a ring of protection from fire
 c - the ring "Lahatuh" (left hand) {Int+3 Dex+2 Slay+4}
   (You found it on level 5 of the Pits of Slime)

   [ring of slaying]

   Int:       It affects your intelligence (+3).
   Dex:       It affects your dexterity (+2).
   Slay:      It affects your accuracy & damage with ranged weapons and melee
   (+4).
 k - a ring of protection from cold
 n - a +6 ring of strength (right hand)
 C - the amulet of Biwanyr (around neck) {rF+ Regen+ MP+9}
   (You acquired it in a Gauntlet)

   [amulet of regeneration]

   rF:        It protects you from fire.
   MP:        It affects your magic capacity (+9).
   Regen:     It increases your rate of health regeneration.
 J - the ring "Aleixo" {rN+ Will+ Int+6}
   (You took it off an ironbound convoker on level 5 of the Vaults)

   [ring of intelligence]

   Int:       It affects your intelligence (+6).
   rN:        It protects you from negative energy.
   Will:      It increases your willpower.
 O - a ring of protection from cold
 W - a ring of see invisible
 X - the ring "Midaysianem" {Fire Str+2}
   (You found it on level 3 of the Tomb of the Ancients)

   [ring of fire]

   It enhances your fire magic.
   Str:       It affects your strength (+2).
   rF:        It protects you from fire.
   rC:        It makes you vulnerable to cold.
Wands
 d - a wand of digging (33)
 m - a wand of polymorph (24)
 u - a wand of mindburst (43)
 z - a wand of acid (20)
 A - a wand of flame (43)
 G - a wand of iceblast (36)
 I - a wand of charming (28)
 K - a wand of paralysis (32)
Scrolls
 f - 9 scrolls of fear
 h - 9 scrolls of blinking
 j - 2 scrolls of summoning
 l - 18 scrolls of teleportation
 F - a scroll of silence
 P - 6 scrolls of magic mapping
 S - a scroll of torment
 V - 7 scrolls of fog
Potions
 e - 25 potions of curing
 g - 7 potions of haste
 o - 9 potions of attraction
 r - 8 potions of invisibility
 v - 11 potions of heal wounds
 B - 6 potions of resistance
 D - 6 potions of cancellation
 E - 5 potions of might
 M - 2 potions of ambrosia
Miscellaneous
 i - a phantom mirror
 x - a box of beasts
 U - a figurine of a ziggurat
 Y - a phial of floods


   Skills:
 O Level 27 Fighting
 - Level 5.0 Throwing
 + Level 23.0 Armour
 - Level 2.6 Dodging
 + Level 23.0 Shields
 O Level 27 Unarmed Combat
 - Level 12.1 Spellcasting
 - Level 4.6 Evocations


You had 48 spell levels left.
You knew the following spells:

 Your Spells              Type           Power      Damage    Failure   Level
a - Blink                 Tloc           6%         N/A       58%         2

Your spell library contained the following spells:

 Spells                   Type           Power      Damage    Failure   Level
 Animate Skeleton         Necr           6%         N/A       43%         1
 Apportation              Tloc           6%         N/A       43%         1
 Foxfire                  Conj/Fire      12%        2x1d4     43%         1
 Magic Dart               Conj           12%        1d3       43%         1
 Sandblast                Erth           6%         2d5       43%         1
 Shock                    Conj/Air       12%        1d3       43%         1
 Slow                     Hex            12%        N/A       43%         1
 Sting                    Tmut/Pois      12%        1d3       43%         1
 Summon Small Mammal      Summ           12%        N/A       43%         1
 Call Imp                 Summ           3%         N/A       58%         2
 Corpse Rot               Necr/Air       6%         N/A       58%         2
 Passwall                 Tmut/Erth      2%         N/A       58%         2
 Poisonous Vapours        Pois/Air       6%         N/A       58%         2
 Searing Ray              Conj           6%         2d4       58%         2
 Static Discharge         Conj/Air       3%         N/A       58%         2
 Call Canine Familiar     Summ           3%         N/A       82%         3
 Confusing Touch          Hex            3%         N/A       82%         3
 Dazzling Flash           Conj/Hex       6%         N/A       82%         3
 Ignite Poison            Fire/Tmut/Pois 3%         N/A       82%         3
 Lesser Beckoning         Tloc           3%         N/A       82%         3
 Mephitic Cloud           Conj/Pois/Air  3%         N/A       82%         3
 Ozocubu's Armour         Ice            3%         N/A       82%         3
 Portal Projectile        Hex/Tloc       6%         N/A       82%         3
 Stone Arrow              Conj/Erth      6%         3d7       82%         3
 Summon Guardian Golem    Hex/Summ       3%         N/A       82%         3
 Swiftness                Air            3%         N/A       82%         3
 Vampiric Draining        Necr           3%         2d6       82%         3
 Airstrike                Air            1%         N/A       99%         4
 Anguish                  Hex/Necr       1%         N/A       99%         4
 Animate Armour           Summ/Erth      6%         N/A       99%         4
 Cause Fear               Hex            1%         N/A       99%         4
 Dispel Undead            Necr           3%         3d7       99%         4
 Hailstorm                Conj/Ice       3%         3d3       99%         4
 Leda's Liquefaction      Hex/Erth       1%         N/A       99%         4
 Olgreb's Toxic Radiance  Pois           3%         N/A       99%         4
 Sticky Flame             Conj/Fire      3%         2d3       99%         4
 Summon Lightning Spire   Summ/Air       3%         N/A       99%         4
 Agony                    Necr           3%         N/A       100%        5
 Alistair's Intoxication  Tmut/Pois      2%         N/A       100%        5
 Borgnjor's Vile Clutch   Necr/Erth      1%         N/A       100%        5
 Excruciating Wounds      Necr           1%         N/A       100%        5
 Fireball                 Conj/Fire      1%         3d3       100%        5
 Freezing Cloud           Conj/Ice/Air   1%         6-21      100%        5
 Irradiate                Conj/Tmut      1%         3d14      100%        5
 Iskenderun's Battlesphe  Conj           3%         2d6       100%        5
 Lightning Bolt           Conj/Air       1%         1d12      100%        5
 Manifold Assault         Tloc           3%         N/A       100%        5
 Silence                  Hex/Air        1%         N/A       100%        5
 Yara's Violent Unravell  Hex/Tmut       1%         3d3       100%        5
 Conjure Ball Lightning   Conj/Air       1%         3x3d6     100%        6
 Dispersal                Tloc           1%         N/A       100%        6
 Eringya's Noxious Bog    Tmut/Pois      1%         N/A       100%        6
 Iron Shot                Conj/Erth      1%         9d1       100%        6
 Simulacrum               Ice/Necr       1%         N/A       100%        6
 Haunt                    Necr/Summ      1%         N/A       100%        7
 Orb of Destruction       Conj           1%         9d5       100%        7
 Ozocubu's Refrigeration  Ice            1%         4d5       100%        7
 Spellforged Servitor     Conj/Summ      1%         N/A       100%        7
 Discord                  Hex            1%         N/A       100%        8
 Disjunction              Tloc           1%         N/A       100%        8
 Infestation              Necr           1%         N/A       100%        8
 Lehudib's Crystal Spear  Conj/Erth      1%         10d2      100%        8
 Maxwell's Capacitive Co  Air            1%         ∞         100%        8
 Polar Vortex             Ice            1%         N/A       100%        9
 Wereblood                Tmut           Unusable   N/A       N/A         2
 Ice Form                 Ice/Tmut       Unusable   N/A       N/A         4
 Blade Hands              Tmut           Unusable   N/A       N/A         5
 Statue Form              Tmut/Erth      Unusable   N/A       N/A         6
 Dragon Form              Tmut           Unusable   N/A       N/A         7
 Storm Form               Tmut/Air       Unusable   N/A       N/A         7
 Necromutation            Tmut/Necr      Unusable   N/A       N/A         8
 Death's Door             Necr           Unusable   N/A       N/A         9

Dungeon Overview and Level Annotations

Branches:
Dungeon (15/15)            Temple (1/1) D:6            Lair (6/6) D:8
 Shoals (4/4) Lair:2        Snake (4/4) Lair:2        Slime (5/5) Lair:6
    Orc (2/2) D:12            Elf (0/3) Orc:2        Vaults (5/5) D:14
  Crypt (3/3) Vaults:3       Tomb (3/3) Crypt:3      Depths (4/4) D:15
   Hell (visited)             Dis (0/7) Hell            Geh (0/7) Hell
    Coc (0/7) Hell            Tar (1/7) Hell            Zot (0/5) Depths:4
  Sewer (visited)         Ossuary (visited)         Gauntlet (visited)

Altars:
Ashenzari
Dithmenos
Elyvilon
Fedhas
Gozag
Hepliaklqana
Kikubaaqudgha
Makhleb
Nemelex Xobeh
Okawaru
Qazlal
Sif Muna
Trog
Uskayaw
Vehumet
Wu Jian
Yredelemnul
Zin
The Shining One
Beogh
Jiyva

Shops:
D:2 !   D:4 =   D:10 *   D:13 *   D:15 *   Orc:2 ?**[   Shoals:3 ((??(
Snake:2 :*((   Snake:4 [?   Vaults:1 !   Vaults:4 *   Vaults:5 *   Depths:2 (

Portals:
Hell: Lair:6 Depths:1 Depths:2 Depths:3 Depths:4
Abyss: Depths:1 Depths:2 Depths:3
Pandemonium: Depths:2 Depths:3
Ziggurat: Depths:2


Innate Abilities, Weirdness & Mutations

You thrive by killing the living.
You are immune to poison.
You have sharp fingernails.
Your flesh is cold resistant. (rC+)
You are immune to negative energy. (rN+++)
You do not regenerate when monsters are visible.
You are immune to unholy pain and torment.


Message History

Something touches you but does no damage. x2
The ancient lich touches you but does no damage. x2
Something touches you but does no damage.
The dread lich casts a spell.
You hear some strange, mumbled words.
A crystal spear appears from out of thin air!
The crystal spear hits you!!!
The ancient lich touches you but does no damage.
Something touches you but does no damage.
The dread lich touches you but does no damage.
The ancient lich gestures wildly while chanting.
The ancient lich flickers and vanishes!
The ancient lich gestures at you while chanting.
The bolt of acid hits you but does no damage.
The acid corrodes you!
You hear some strange, mumbled words.
Something tries to affect you, but you resist.
The dread lich touches you but does no damage.
Something touches you but does no damage.
Something completely misses you. The ancient lich casts a spell at you.
The bolt of acid hits you! You resist. The acid corrodes you!
Something touches you but does no damage. x2
The dread lich touches you but does no damage.
You turn to flesh and can move again.
As you read the scroll of teleportation, it crumbles to dust.
You feel strangely unstable.
You hear some strange, mumbled words.
A crystal spear appears from out of thin air!
The crystal spear hits you!!!!
* * * LOW HITPOINT WARNING * * *
The ancient lich gestures at you while chanting.
The bolt of acid hits you!! You resist.
* * * LOW HITPOINT WARNING * * *
You hear some strange, mumbled words.
Something tries to affect you, but you resist.
You block the dread lich's attack.
PTOANNNG!
Something touches you.
You die...

####.######## +.....∩.'....
#....)#+#.... #..##'#.## #
#+##.....# #..#'##### #
##### #.....'# #.#.#.#.#
##+# +....###
.......^###..## ##...#
.8...8{@L8#...##+# .##.##
......L{{.'......# ..#'#
.8......1.#...##+# ....####
........###..##..# .......#
#.#.#.#.#....'...#
.......############'###....#
##+###.'..'....##.........##
###..#+#'##......###'#
+.....+.......#'# .#


You could see a Hell Sentinel (summoned), an ancient lich (fast) and a dread
lich (fast).

Vanquished Creatures
  the Royal Jelly (Slime:5)
  7 dread liches
  2 ancient liches
  Mennas (Vaults:2)
  Mara (Vaults:2)
  2 juggernauts
  30 royal mummies
  Vashnia (Snake:3)
  Frederick (Depths:3)
  Bai Suzhen (Crypt:2)
  Geryon (Hell)
  A caustic shrike (Depths:2)
  Nikola (Snake:2)
  2 golden dragons
  Jory (Crypt:2)
  A profane servitor (Tar:1)
  2 bone dragons
  The ghost of Flure the Imperceptible, a veteran KoBr of Dithmenos (Vaults:3)
  2 shard shrike zombies
  Jorgrun (Shoals:1)
  Rupert (Lair:5)
  An Ice Fiend (Tomb:2)
  2 walking crystal tomes
  2 tentacled monstrosities
  Mlioglotl (Shoals:4)
  10 liches
  2 walking earthen tomes
  5 quicksilver dragons
  2 titans
  Polyphemus (Shoals:2)
  17 acid blobs
  5 krakens (Shoals:4)
  An Executioner (Abyss:3)
  13 ancient champions
  Kirke (Shoals:2)
  Agnes (D:14)
  8 tentacled starspawn
  14 sphinxes
  3 storm dragons (Vaults:5)
  13 tengu reavers
  8 shadow dragons
  A fenstrider witch (shapeshifter) (Vaults:5)
  4 revenants
  8 nagarajas
  9 rockslimes
  The ghost of Peloso the Peltast, a journeyman MiFi of Okawaru (D:15)
  11 azure jellies
  11 frost giants
  9 fire giants
  A caustic shrike zombie (Tomb:2)
  Aizul (Snake:1)
  7 curse skulls
  3 orc warlords
  6 deep elf sorcerers
  3 balrugs
  A cacodemon (Hell)
  16 vault wardens
  An iron dragon (Depths:3)
  3 spriggan defenders
  14 very ugly things
  22 ironbound preservers
  5 reapers
  2 draconian shifters (Crypt:1)
  Louise (Shoals:3)
  8 ghouls
  A caustic shrike skeleton (Abyss:4)
  2 juggernaut skeletons
  2 draconian annihilators (Crypt:1)
  9 quicksilver oozes
  9 vampire knights
  11 war gargoyles
  2 ironbound thunderhulks (Vaults:1)
  17 stone giants
  3 lorocyprocas
  5 deep elf demonologists
  17 bennus
  2 black draconians (Depths:4)
  6 spark wasps
  4 deep elf annihilators
  3 red draconians (Depths:4)
  2 iron golems (Hell)
  3 white draconians (Depths:4)
  A minotaur (Gauntlet)
  An entropy weaver (shapeshifter) (Vaults:1)
  11 dire elephants
  3 entropy weavers
  2 merfolk javelineers (Shoals:4)
  2 eidola
  14 ettins
  6 crystal guardians
  3 blizzard demons
  26 mummy priests
  2 green deaths
  19 yaktaur captains
  2 deep elf death magi
  4 jiangshi (Crypt:2)
  Fannar (Lair:3)
  4 deep elf high priests
  3 great orbs of eyes (shapeshifter) (Abyss:3)
  A kraken zombie (Hell)
  A fenstrider witch zombie (Crypt:3)
  A spriggan zombie (Crypt:3)
  9 great orbs of eyes
  8 fire dragons
  Josephine (D:14)
  Erolcha (D:9)
  8 merfolk impalers (Shoals:4)
  6 boulder beetles
  28 vault guards
  8 hydras
  Harold (D:7)
  A spectral spriggan (Tar:1)
  2 rakshasas
  A hell beast (Depths:1)
  5 ogre magi
  A quicksilver dragon skeleton (Depths:3)
  9 ice dragons
  A peacekeeper (Vaults:2)
  6 catoblepae
  22 naga warriors
  5 spriggan skeletons
  3 salamander tyrants
  2 death knights
  10 centaur warriors
  6 spriggan air magi
  17 anacondas
  A radroach (shapeshifter) (Vaults:5)
  12 ironbound frosthearts
  25 death scarabs
  Erica (D:9)
  An alligator snapping turtle (Shoals:3)
  3 merfolk avatars
  8 two-headed ogres
  3 alligators (Shoals:3)
  A merfolk aquamancer (Shoals:2)
  7 dancing weapons
  3 deep troll shamans
  7 deep troll earth magi
  5 orc high priests
  4 vampire magi
  9 hell hogs
  Urug (D:13)
  25 naga sharpshooters
  8 tengu warriors
  2 death yaks (Shoals:2)
  6 thrashing horrors (Abyss:3)
  A spriggan berserker (Depths:1)
  A shock serpent (shapeshifter) (Vaults:5)
  7 shock serpents
  12 sun demons
  33 hell knights
  Sonja (Lair:6)
  2 crystal echidnas (Hell)
  2 shadow wraiths (Tar:1)
  2 spriggans (Depths:4)
  A sixfirhy (Abyss:2)
  11 soul eaters
  6 iron trolls
  A spatial maelstrom (Abyss:3)
  3 titan skeletons (Depths:3)
  7 wretched stars (Abyss:3)
  A bunyip zombie (Crypt:3)
  5 salamander mystics
  65 skeletal warriors
  A spectral anaconda (Tar:1)
  A quicksilver dragon simulacrum (Depths:1)
  4 storm dragon skeletons (Depths:3)
  3 anaconda zombies
  A deep troll (shapeshifter) (Vaults:5)
  2 swamp dragons (shapeshifter) (Vaults:5)
  15 starcursed masses (Abyss:3)
  13 sea snakes
  2 bog bodies (Crypt:1)
  10 glowing orange brains
  65 deep trolls
  10 lindwurms
  10 wizards
  A kraken simulacrum (Shoals:4)
  A flayed ghost (Depths:3)
  10 naga ritualists
  3 orange crystal statues (Hell)
  11 phantasmal warriors
  An obsidian statue (D:15)
  2 golden dragon skeletons (Depths:3)
  2 anaconda skeletons
  14 orc knights
  2 deep elf zephyrmancers
  2 shadow dragon zombies
  Pikel (D:6)
  20 ironbound convokers
  18 necromancers
  22 harpies
  6 deep elf pyromancers
  A deep elf archer (D:14)
  9 mana vipers
  44 ugly things
  A mana viper (shapeshifter) (Depths:4)
  13 manticores
  2 tengu skeletons (Depths:3)
  6 orc sorcerers
  4 shining eyes
  7 cyclopes
  20 salamanders
  3 shadow dragon skeletons
  15 elephants
  A rust devil (Abyss:3)
  3 moths of wrath (Vaults:3)
  5 iron dragon skeletons
  12 fauns
  4 fire giant skeletons
  2 eyes of devastation
  2 guardian serpents (shapeshifter) (Abyss:3)
  A naga zombie (Crypt:3)
  2 ice statues (Hell)
  11 merfolk sirens
  A dire elephant zombie (Crypt:2)
  2 sphinx skeletons (Depths:3)
  13 guardian serpents
  6 orange demons
  5 torpor snails
  A frost giant skeleton (Depths:3)
  19 naga magi
  36 black mambas
  15 vault sentinels
  7 water nymphs
  An apocalypse crab (Abyss:3)
  5 gargoyles
  2 molten gargoyles (Gauntlet)
  A shock serpent skeleton (Crypt:1)
  A dire elephant skeleton (Crypt:3)
  11 cane toads
  10 smoke demons
  A cane toad (shapeshifter) (Depths:1)
  An alligator snapping turtle zombie (Crypt:2)
  Maggie (D:7)
  A pale draconian zombie (Crypt:1)
  6 rime drakes
  A sea snake zombie (Hell)
  47 yaktaurs
  11 unseen horrors
  A demonic crawler (Hell)
  10 komodo dragons
  2 efreet
  3 hellions
  A kobold demonologist (D:10)
  2 hellwings
  An anaconda simulacrum (Abyss:3)
  9 freezing wraiths
  3 ice devils
  4 ancient zymes (Abyss:3)
  2 tormentors
  5 tengu conjurers
  44 guardian mummies
  A harpy zombie (Crypt:2)
  4 red devils
  12 trolls
  2 sea snake skeletons
  4 polar bears
  A hydra zombie (Hell)
  7 wind drakes
  3 hornets
  16 large abominations
  A spectral harpy (Tar:1)
  A hydra skeleton (Hell)
  21 merfolk
  Grinder (D:4)
  A tarantella (Lair:3)
  9 raiju (Abyss:3)
  A slime creature (shapeshifter) (Depths:1)
  A tarantella (shapeshifter) (Vaults:5)
  7 snapping turtles
  5 harpy skeletons
  19 blink frogs
  97 slime creatures
  A satyr zombie (Crypt:1)
  8 dream sheep
  An air elemental (Abyss:3)
  80 flying skulls
  2 jumping spiders (Lair:3)
  2 shadows
  8 ushabtiu
  A vampire (D:10)
  A centaur simulacrum (Crypt:2)
  7 fire bats
  6 wraiths
  A ynoxinul (Depths:2)
  2 fire elementals (Gauntlet)
  16 water elementals
  3 wyverns
  4 basilisks
  5 hogs (Shoals:2)
  45 yaks
  10 chaos spawn
  8 golden eyes
  2 neqoxecs
  A sea snake simulacrum (Hell)
  2 vampire mosquitoes (D:12)
  4 redbacks
  A steam dragon (D:7)
  2 wargs (Orc:2)
  Menkaure (Ossuary)
  An acid dragon (D:14)
  52 nagas
  A deep troll zombie (Crypt:1)
  14 water moccasins
  2 floating eyes
  4 hell hounds
  A faun skeleton (Crypt:2)
  A black bear (shapeshifter) (D:14)
  54 orc warriors
  2 ice beasts (D:7)
  6 black bears
  4 necrophages
  7 wolves
  11 ogres
  A wolf (shapeshifter) (Depths:1)
  11 centaurs
  A fire crab zombie (Crypt:2)
  A torpor snail zombie (Crypt:2)
  A lemure (D:6)
  8 kobold brigands
  15 small abominations
  8 bullfrogs
  2 gnoll sergeants
  A scorpion (D:5)
  A wyvern zombie (D:6)
  A water moccasin zombie (D:5)
  A yak zombie (Crypt:2)
  A polar bear zombie (Crypt:1)
  15 killer bees
  3 wights (D:9)
  11 electric eels
  4 howler monkeys
  8 centaur zombies
  A quasit (Abyss:3)
  4 lava snakes
  4 centaur skeletons
  A human zombie (Ossuary)
  3 jellies
  30 orc priests
  2 hounds
  An iron imp (Abyss:3)
  29 orc wizards
  9 hell rats
  4 polar bear simulacra (Lair:4)
  A wolf simulacrum (Lair:4)
  4 yak simulacra (Lair:4)
  A killer bee zombie (D:8)
  3 ogre zombies (Ossuary)
  2 naga skeletons
  33 mummies
  Robin (D:2)
  7 gnolls
  2 howler monkey skeletons
  3 adders
  A gnoll (shapeshifter) (D:14)
  13 river rats
  A shadow imp (D:6)
  6 white imps
  An ufetubus (D:5)
  An adder skeleton (D:4)
  3 adder zombies (Ossuary)
  2 dart slugs
  106 orcs
  4 bats
  12 endoplasms
  A giant cockroach (D:1)
  19 goblins
  8 hobgoblins
  22 kobolds
  3 quokkas
  3 ball pythons
  7 frilled lizards
  4 goblin zombies
  2 hobgoblin zombies (Ossuary)
  7 kobold zombies (Ossuary)
  An orc zombie (Crypt:1)
  5 quokka zombies (Ossuary)
  11 rats
  2 rat zombies (Ossuary)
  2 river rat simulacra (Lair:4)
  A butterfly (Lair:3)
  2 lurking horrors (Abyss:3)
  4 starspawn tentacles
  13 tentacles
2795 creatures vanquished.

Vanquished Creatures (others)
  3 ancient champions (Tomb:3)
  3 bennus (Tomb:3)
  2 mummy priests (Tomb:3)
  2 skeletal warriors (Tomb:3)
  An anaconda skeleton (Tomb:3)
  4 guardian mummies (Tomb:3)
  Prince Ribbit (D:6)
  8 flying skulls (Tomb:3)
  A human (Crypt:1)
  A boggart (D:14)
  An orc wizard (Orc:2)
  3 mummies (Tomb:3)
  48 fungi
  3 lurking horrors (Abyss:3)
  75 plants
  14 starspawn tentacles
  34 tentacles
  6 withered plants (D:7)
210 creatures vanquished.

Grand Total: 3005 creatures vanquished

Notes
Turn   | Place    | Note
-------+----------+-------------------------------------------
     0 | D:1      | Duralumin the Ghoul Gladiator began the quest for the Orb.
     0 | D:1      | Reached XP level 1. HP: 17/17 MP: 0/0
    69 | D:1      | Reached XP level 2. HP: 21/24 MP: 1/1
   547 | D:1      | Reached XP level 3. HP: 24/29 MP: 2/2
   816 | D:2      | Found Loutanuxt's Distillery.
   843 | D:2      | Bought a potion of heal wounds for 50 gold pieces
   866 | D:2      | Noticed Robin
   904 | D:2      | Killed Robin
   905 | D:2      | Reached skill level 5 in Unarmed Combat
  1113 | D:2      | Found a faded altar of an unknown god.
  1214 | D:2      | Reached XP level 4. HP: 34/36 MP: 3/3
  1606 | D:2      | Found a shimmering blue altar of Sif Muna.
  2328 | D:4      | Found Xizejeij's Jewellery Emporium.
  2406 | D:4      | Found a broken altar of Ashenzari.
  2410 | D:4      | Saw a vision of the Shoals and the Snake Pit.
  2410 | D:4      | Noticed an anaconda
  2410 | D:4      | Noticed a shock serpent
  2410 | D:4      | Noticed a merfolk
  2410 | D:4      | Noticed a naga
  2410 | D:4      | Noticed a mana viper
  2410 | D:4      | Noticed a naga warrior
  2410 | D:4      | Noticed a sea snake
  2410 | D:4      | Noticed a black mamba
  2410 | D:4      | Noticed a sea snake
  2410 | D:4      | Noticed a wind drake
  2410 | D:4      | Noticed a naga
  2410 | D:4      | Noticed a merfolk siren
  2411 | D:4      | Noticed a mana viper
  2463 | D:4      | Noticed a black bear
  2488 | D:4      | Reached XP level 5. HP: 41/41 MP: 4/4
  2510 | D:4      | Killed a black bear
  2511 | D:4      | Reached XP level 6. HP: 45/48 MP: 5/5
  2535 | D:4      | Noticed Grinder
  2541 | D:4      | Paralysed by Grinder for 5 turns
  2548 | D:4      | Paralysed by Grinder for 3 turns
  2556 | D:4      | Paralysed by Grinder for 5 turns
  2570 | D:4      | Killed Grinder
  2859 | D:4      | Reached XP level 7. HP: 53/55 MP: 6/6
  2867 | D:4      | Found a stormy altar of Qazlal.
  3105 | D:4      | Found a hazy altar of Hepliaklqana.
  3205 | D:5      | Entered Level 5 of the Dungeon
  3253 | D:5      | Got the Catalogue of Moulding and Ignition
  3309 | D:5      | Found a blossoming altar of Fedhas.
  3566 | D:5      | Found a sparkling altar of Nemelex Xobeh.
  4102 | D:5      | Reached skill level 10 in Unarmed Combat
  4549 | D:6      | Noticed Prince Ribbit
  4567 | D:6      | Found a hide-covered altar of Uskayaw.
  4592 | D:6      | Killed Prince Ribbit
  4593 | D:6      | Reached XP level 8. HP: 33/61 MP: 7/7
  4632 | D:6      | Found a staircase to the Ecumenical Temple.
  4641 | Temple   | Entered the Ecumenical Temple
  4666 | Temple   | Became a worshipper of the Wu Jian Council
  4783 | D:6      | Found a glowing drain.
  4792 | Sewer    | Entered a sewer
  5427 | D:6      | Noticed Pikel
  5454 | D:6      | Killed Pikel
  5455 | D:6      | Reached XP level 9. HP: 35/67 MP: 8/8
  6127 | D:7      | Found a sand-covered staircase.
  6134 | Ossuary  | Entered an ossuary
  6311 | Ossuary  | Reached * piety under Wu Jian
  6479 | Ossuary  | Noticed Menkaure
  6492 | Ossuary  | Killed Menkaure
  6629 | D:7      | Noticed Harold
  6641 | D:7      | Killed Harold
  6863 | D:7      | Reached skill level 15 in Unarmed Combat
  6999 | D:7      | Reached XP level 10. HP: 65/73 MP: 9/9
  7039 | D:7      | Reached ** piety under Wu Jian
  7039 | D:7      | Noticed Maggie
  7053 | D:7      | Killed Maggie
  7054 | D:7      | Reached skill level 1 in Armour
  7054 | D:7      | Reached skill level 1 in Shields
  7467 | D:8      | Found a staircase to the Lair.
  8234 | D:8      | Noticed a centaur warrior
  8240 | D:8      | Killed a centaur warrior
  8580 | Lair:1   | Entered Level 1 of the Lair of Beasts
  8745 | Lair:1   | Reached skill level 5 in Fighting
  8775 | Lair:1   | Reached XP level 11. HP: 52/88 MP: 10/10
  9682 | Lair:2   | Reached skill level 5 in Throwing
  9781 | Lair:2   | Reached *** piety under Wu Jian
  9782 | Lair:2   | Reached skill level 5 in Armour
  9782 | Lair:2   | Reached skill level 5 in Shields
 10114 | Lair:2   | Found a staircase to the Shoals.
 10242 | Lair:2   | Found a staircase to the Snake Pit.
 10575 | Lair:2   | Reached skill level 10 in Fighting
 10575 | Lair:2   | Reached XP level 12. HP: 26/106 MP: 11/11
 11936 | Lair:3   | Noticed a catoblepas
 11947 | Lair:3   | Killed a catoblepas
 12022 | Lair:3   | Found a runed translucent door.
 12355 | Lair:3   | Found a runed translucent gate.
 12355 | Lair:3   | Found a runed translucent gate.
 12355 | Lair:3   | Found a runed translucent gate.
 12355 | Lair:3   | Found a runed translucent gate.
 12356 | Lair:3   | Found a runed translucent gate.
 12356 | Lair:3   | Noticed a boulder beetle
 12358 | Lair:3   | Found a runed translucent gate.
 12364 | Lair:3   | Killed a boulder beetle
 12777 | Lair:3   | Noticed Fannar
 12799 | Lair:3   | Killed Fannar
 13291 | Lair:4   | Noticed an eight-headed hydra
 13313 | Lair:4   | Killed an eight-headed hydra
 13778 | Lair:4   | You fall into a shaft and drop 2 floors!
 13778 | Lair:6   | Entered Level 6 of the Lair of Beasts
 13788 | Lair:6   | Reached **** piety under Wu Jian
 13793 | Lair:6   | Reached XP level 13. HP: 113/113 MP: 12/12
 13794 | Lair:6   | Found a staircase to the Slime Pits.
 13795 | Lair:6   | Found a viscous altar of Jiyva.
 14789 | Lair:4   | Reached ***** piety under Wu Jian
 15037 | Lair:5   | Identified the +1 robe of Xukofeab {*Corrode Dex+5}
 15121 | Lair:5   | Noticed Rupert
 15743 | Lair:5   | Killed Rupert
 16129 | Lair:6   | Reached skill level 10 in Shields
 16205 | Lair:6   | Reached XP level 14. HP: 117/121 MP: 13/13
 16720 | Lair:6   | Noticed Sonja
 16729 | Lair:6   | Killed Sonja
 16755 | Lair:6   | Found a burning altar of Makhleb.
 17090 | Lair:6   | Found a gateway to Hell.
 17098 | Lair:6   | Got the Guide on the Damaging Volcanoes
 17673 | Lair:1   | Identified a scroll of acquirement
 17673 | Lair:1   | Acquired a ring of resist corrosion
 17803 | D:9      | Noticed Erica
 17815 | D:9      | Killed Erica
 17952 | D:9      | Noticed Erolcha
 17991 | D:9      | Killed Erolcha
 18471 | D:9      | Found a shimmering blue altar of Sif Muna.
 18528 | D:9      | Found the +7 staff of the Meek {protect, meekguard}
 18552 | D:10     | Entered Level 10 of the Dungeon
 18596 | D:10     | Found Syhiat's Assorted Antiques.
 18624 | D:10     | Found a shadowy altar of Dithmenos.
 18631 | D:10     | Bought a potion of heal wounds for 125 gold pieces
 18871 | D:10     | Found a radiant altar of Vehumet.
 19049 | D:11     | Reached ****** piety under Wu Jian
 20465 | D:12     | Found a staircase to the Orcish Mines.
 20729 | D:12     | Reached XP level 15. HP: 47/127 MP: 14/14
 21495 | Orc:1    | Entered Level 1 of the Orcish Mines
 21865 | Orc:2    | Entered Level 2 of the Orcish Mines
 22340 | Orc:2    | Found Busun's Antique Armour Shop.
 22654 | Orc:2    | Found Tiober's General Store.
 22661 | Orc:2    | Bought a scroll of identify for 36 gold pieces
 22661 | Orc:2    | Found Jeuf's General Store.
 22663 | Orc:2    | Found Giq Hae's Magic Scroll Shop.
 22669 | Orc:2    | Bought a scroll of fog for 24 gold pieces
 22671 | Orc:2    | Bought a scroll of enchant armour for 127 gold pieces
 22695 | Orc:2    | Bought a scroll of identify for 34 gold pieces
 22706 | Orc:2    | Bought a potion of cancellation for 144 gold pieces
 22757 | Orc:2    | Found a staircase to the Elven Halls.
 23460 | D:13     | Found a gate leading to a gauntlet.
 23473 | Gauntlet | Entered a Gauntlet
 23473 | Gauntlet | Found a transporter.
 23482 | Gauntlet | Found a transporter.
 23485 | Gauntlet | Found a transporter.
 23486 | Gauntlet | Found a transporter.
 23492 | Gauntlet | Found a runed translucent gate.
 23492 | Gauntlet | Found a runed translucent gate.
 23492 | Gauntlet | Found a runed translucent gate.
 23494 | Gauntlet | Found a transporter.
 23497 | Gauntlet | Found a transporter.
 23498 | Gauntlet | Found a transporter.
 23505 | Gauntlet | Found a runed translucent door.
 23508 | Gauntlet | Found a transporter.
 23509 | Gauntlet | Found a transporter.
 23510 | Gauntlet | Found a transporter.
 23518 | Gauntlet | Found a transporter.
 23521 | Gauntlet | Found a transporter.
 23522 | Gauntlet | Found a transporter.
 23526 | Gauntlet | Found a runed translucent door.
 23528 | Gauntlet | Found a runed translucent door.
 23529 | Gauntlet | Found the +3 pair of seven-league boots {Rampage+∞}
 23530 | Gauntlet | Found a transporter.
 23853 | Gauntlet | Acquired the amulet of Biwanyr {rF+ Regen+ MP+9}
 23865 | Gauntlet | Acquired the +11 plate armour of the Lily {Slay+4}
 23867 | Gauntlet | Acquired 257 gold pieces
 23907 | Gauntlet | Identified the +5 hat of Nituakku {Int+3 Slay+3}
 23956 | Gauntlet | Identified the +1 kite shield "Ozad" {Int+5}
 24047 | Gauntlet | Identified the +1 robe "Ucsegg" {rF+ Str+4}
 24156 | D:13     | Found Kamud's Pet Rocks.
 24165 | D:13     | Bought a wand of digging (6) for 360 gold pieces
 24291 | D:13     | Noticed Urug
 24297 | D:13     | Killed Urug
 24721 | D:14     | Reached XP level 16. HP: 141/141 MP: 15/15
 24732 | D:14     | Noticed Agnes
 24740 | D:14     | Killed Agnes
 25004 | D:14     | Noticed Josephine
 25007 | D:14     | Killed Josephine
 25070 | D:14     | Found a bloodstained altar of Trog.
 25245 | D:14     | Found a gate to the Vaults.
 25544 | D:15     | Entered Level 15 of the Dungeon
 25598 | D:15     | Reached XP level 17. HP: 151/151 MP: 16/16
 25605 | D:15     | Found a runed translucent gate.
 25607 | D:15     | Found a runed translucent gate.
 25607 | D:15     | Found an opulent altar of Gozag.
 25608 | D:15     | Found a runed translucent gate.
 25609 | D:15     | Found Baczub's Assorted Antiques.
 25609 | D:15     | Noticed Peloso's ghost (journeyman MiFi)
 25713 | D:15     | Found a runed translucent door.
 25919 | D:15     | Reached skill level 10 in Armour
 26339 | D:15     | Found a staircase to the Depths.
 26467 | D:15     | Killed Peloso's ghost
 26528 | D:15     | Bought a scroll of teleportation for 120 gold pieces
 26528 | D:15     | Bought a scroll of fear for 140 gold pieces
 26733 | Snake:1  | Entered Level 1 of the Snake Pit
 26931 | Snake:1  | Noticed Aizul
 26948 | Snake:1  | Killed Aizul
 27009 | Snake:1  | Reached XP level 18. HP: 144/162 MP: 17/17
 27195 | Snake:1  | Reached skill level 15 in Fighting
 27899 | Snake:2  | Noticed Nikola
 27906 | Snake:2  | Killed Nikola
 27965 | Snake:2  | Found Maerchil's Assorted Antiques.
 27967 | Snake:2  | Found Tuotor's Book Shop.
 27989 | Snake:2  | Bought a pair of runed boots for 165 gold pieces
 28043 | Snake:2  | Found Hampupn's Antique Weapon Emporium.
 28067 | Snake:2  | Found Wusm's Antique Weapon Shop.
 28720 | Snake:3  | Identified the +7 shortbow "Ojaopapy" {vorpal, Fly rN+
                  | Will+ Dex+2}
 29243 | Snake:3  | Noticed Vashnia
 29257 | Snake:3  | Killed Vashnia
 29819 | Snake:4  | Entered Level 4 of the Snake Pit
 29827 | Snake:4  | Reached XP level 19. HP: 165/170 MP: 18/18
 30003 | Snake:4  | Found Xymic's Magic Scroll Emporium.
 30010 | Snake:4  | Bought a scroll of teleportation for 48 gold pieces
 30010 | Snake:4  | Bought a scroll of teleportation for 48 gold pieces
 30010 | Snake:4  | Bought a scroll of torment for 120 gold pieces
 30010 | Snake:4  | Bought a scroll of magic mapping for 56 gold pieces
 30010 | Snake:4  | Found Onukamn's Armour Shoppe.
 30013 | Snake:4  | Got the Volume of Enchanting Companions
 30075 | Snake:4  | Reached skill level 15 in Shields
 30282 | Snake:4  | Got a serpentine rune of Zot
 31255 | Shoals:1 | Entered Level 1 of the Shoals
 31502 | Shoals:1 | Noticed Jorgrun
 31506 | Shoals:1 | Killed Jorgrun
 32275 | Shoals:2 | Noticed Polyphemus
 32286 | Shoals:2 | Killed Polyphemus
 32287 | Shoals:2 | Reached XP level 20. HP: 149/178 MP: 19/19
 32426 | Shoals:2 | Noticed Kirke
 32433 | Shoals:2 | Killed Kirke
 32844 | Shoals:3 | Noticed Louise
 32850 | Shoals:3 | Killed Louise
 32851 | Shoals:3 | Found Recy's Magic Scroll Emporium.
 32903 | Shoals:3 | Found Fotairoe's Weapon Shoppe.
 33152 | Shoals:3 | Found Qeanui's Magic Scroll Boutique.
 33351 | Shoals:3 | Found Umnufaej's Antique Weapon Shoppe.
 33363 | Shoals:3 | Acquired 1156 gold pieces
 33545 | Shoals:3 | Found Puekiext's Weapon Emporium.
 33605 | Shoals:4 | Entered Level 4 of the Shoals
 33640 | Shoals:4 | Noticed Mlioglotl
 33655 | Shoals:4 | Killed Mlioglotl
 34189 | Shoals:4 | Got Oroib's Reference Book on Conjuration and
                  | Weightlessness
 34383 | Shoals:4 | Got a barnacled rune of Zot
 35036 | Depths:1 | Entered Level 1 of the Depths
 35113 | Vaults:1 | Entered Level 1 of the Vaults
 35281 | Vaults:1 | Reached XP level 21. HP: 136/184 MP: 20/20
 35388 | Vaults:1 | Reached skill level 27 in Unarmed Combat
 35474 | Vaults:1 | Identified the +10 arbalest of Instant Death {penet, rC-
                  | rCorr Dex+7}
 35496 | Vaults:1 | Cast into level 2 of the Abyss (a wizard)
 35523 | Abyss:2  | Noticed a bone dragon
 35535 | Abyss:2  | Found a basalt altar of Yredelemnul.
 35567 | Abyss:2  | Killed a bone dragon
 35628 | Abyss:3  | Found an iron altar of Okawaru.
 35956 | Abyss:3  | Paralysed by an air elemental for 1 turns
 35966 | Abyss:3  | Found a corrupted altar of Lugonu.
 36358 | Abyss:3  | Reached skill level 15 in Armour
 36358 | Abyss:3  | Reached XP level 22. HP: 179/192 MP: 21/21
 36358 | Abyss:3  | Reached XP level 23. HP: 186/199 MP: 22/22
 36358 | Abyss:3  | Got an abyssal rune of Zot
 36905 | Vaults:1 | Escaped the Abyss
 37269 | Vaults:1 | Found Kihir's Distillery.
 37278 | Vaults:1 | Bought a potion of curing for 33 gold pieces
 37278 | Vaults:1 | Bought 2 potions of heal wounds for 110 gold pieces
 37278 | Vaults:1 | Bought a potion of curing for 33 gold pieces
 37278 | Vaults:1 | Bought a potion of curing for 33 gold pieces
 37952 | Vaults:2 | Noticed Mara
 37957 | Vaults:2 | Killed Mara
 37970 | Vaults:2 | Found a flickering gateway to a bazaar.
 37978 | Bazaar   | Entered a bazaar
 37978 | Bazaar   | Found Isuf's Distillery.
 37978 | Bazaar   | Found Okem's Antique Armour Shop.
 37978 | Bazaar   | Found Teubeqank's Jewellery Boutique.
 37979 | Bazaar   | Found Ynururr's Distillery.
 38023 | Bazaar   | Bought an embroidered cloak for 112 gold pieces
 38031 | Bazaar   | Bought 2 potions of haste for 240 gold pieces
 38031 | Bazaar   | Bought a potion of cancellation for 96 gold pieces
 38031 | Bazaar   | Bought a potion of curing for 36 gold pieces
 38031 | Bazaar   | Bought a potion of curing for 36 gold pieces
 38043 | Bazaar   | Bought a potion of heal wounds for 65 gold pieces
 38043 | Bazaar   | Bought 2 potions of cancellation for 208 gold pieces
 38152 | Vaults:2 | Noticed Mennas
 38154 | Vaults:2 | Killed Mennas
 39086 | Vaults:3 | Found a staircase to the Crypt.
 39561 | Vaults:3 | Found a transporter.
 39562 | Vaults:3 | Found a transporter.
 39564 | Vaults:3 | Found a bloodstained altar of Trog.
 39564 | Vaults:3 | Noticed Flure's ghost (veteran KoBr)
 39627 | Vaults:3 | Reached XP level 24. HP: 179/220 MP: 22/22
 39640 | Vaults:3 | Killed Flure's ghost
 39661 | Vaults:3 | Identified the ring of Gozag's Scorn {Wiz rN+ Str-2 Stlth+}
 39764 | Vaults:3 | Found the +18 shield of the Gong {rElec rN+ Will+ EV-5}
 40217 | Vaults:4 | Found Olaopunis's General Store.
 40577 | Vaults:4 | Identified the +5 kite shield "Tethe" {Will+ Int+3}
 42360 | Depths:1 | Identified the +8 arbalest of Oily Subterfuge {speed, rN++
                  | Str-2}
 42619 | Depths:1 | Found a one-way gate to the infinite horrors of the Abyss.
 43123 | Depths:2 | Reached XP level 25. HP: 159/243 MP: 22/22
 43145 | Depths:2 | Noticed a juggernaut
 43150 | Depths:2 | Killed a juggernaut
 43151 | Depths:2 | Identified the +8 war axe of Zerimeo {spect, *Noise rElec
                  | rCorr}
 43261 | Depths:2 | Found a one-way gateway to a ziggurat.
 43504 | Depths:2 | Found Nunwe's Antique Weapon Shoppe.
 43641 | Depths:2 | Found a one-way gate leading to the halls of Pandemonium.
 44288 | Depths:3 | Paralysed by a floating eye for 4 turns
 44292 | Depths:3 | Noticed Frederick
 44297 | Depths:3 | Killed Frederick
 44945 | Depths:3 | Found a gateway to a bazaar.
 44951 | Bazaar   | Entered a bazaar
 44951 | Bazaar   | Found Laniph's General Store.
 44951 | Bazaar   | Found Heefim's Weapon Shoppe.
 44951 | Bazaar   | Found Maots's Magic Scroll Shop.
 44953 | Bazaar   | Found Reymynan's Armour Shoppe.
 44953 | Bazaar   | Found Hopang's Distillery.
 44988 | Bazaar   | Bought a scroll of fog for 30 gold pieces
 45166 | Depths:4 | Entered Level 4 of the Depths
 45324 | Depths:4 | Noticed a juggernaut
 45335 | Depths:4 | Killed a juggernaut
 45364 | Depths:4 | Found an iron altar of Okawaru.
 45370 | Depths:4 | Identified the +3 hand axe of Articulation {holy, Int+2}
 46322 | Depths:4 | Reached XP level 26. HP: 251/264 MP: 22/22
 46418 | Depths:4 | Reached skill level 27 in Fighting
 46423 | Depths:4 | Found a gate to the Realm of Zot.
 46424 | Depths:4 | Found a stormy altar of Qazlal.
 46742 | Vaults:5 | Entered Level 5 of the Vaults
 46763 | Vaults:5 | Noticed a dread lich
 46765 | Vaults:5 | Killed a dread lich
 46796 | Vaults:5 | Noticed an ancient lich
 46797 | Vaults:5 | Killed an ancient lich
 46802 | Vaults:5 | Identified the ring "Aleixo" {rN+ Will+ Int+6}
 46814 | Vaults:5 | Identified the +0 gold dragon scales of Greed {rPois rF+
                  | rC+ Str+6}
 47085 | Vaults:5 | Got the Papyrus of Ensnaring Weightlessness
 47150 | Vaults:5 | Got a silver rune of Zot
 47201 | Vaults:5 | Reached XP level 27. HP: 273/273 MP: 22/22
 47235 | Vaults:5 | Found Noiwen's General Store.
 47240 | Vaults:5 | Bought 2 potions of curing for 102 gold pieces
 47240 | Vaults:5 | Bought a scroll of fog for 34 gold pieces
 48123 | Slime:1  | Entered Level 1 of the Pits of Slime
 48341 | Slime:5  | Entered Level 5 of the Pits of Slime
 48428 | Slime:5  | Noticed the Royal Jelly
 48437 | Slime:5  | Killed the Royal Jelly
 48483 | Slime:5  | Found the ring of Shadows {Umbra +Inv Stlth+}
 48490 | Slime:5  | Identified the ring "Lahatuh" {Int+3 Dex+2 Slay+4}
 48533 | Slime:5  | Got a slimy rune of Zot
 48580 | Slime:5  | Identified the +9 mace "Newtslayer" {vorpal, rF+ rCorr}
 49034 | Crypt:1  | Entered Level 1 of the Crypt
 49063 | Crypt:1  | Acquired the +3 Mad Mage's Maulers {Infuse+∞ RegenMP Int-3}
 49063 | Crypt:1  | Found the +3 Mad Mage's Maulers {Infuse+∞ RegenMP Int-3}
 49680 | Crypt:1  | Found a runed door.
 49739 | Crypt:1  | Noticed a dread lich
 49740 | Crypt:1  | Noticed a dread lich
 49742 | Crypt:1  | Killed a dread lich
 49746 | Crypt:1  | Killed a dread lich
 49789 | Crypt:1  | Identified the +9 halberd "Jelut" {vorpal, rN+}
 49791 | Crypt:1  | Identified the +2 trident of Ignis's Supremacy {vorpal,
                  | rCorr}
 49813 | Crypt:1  | Got the Papyrus of Transformation
 49815 | Crypt:1  | Identified the ring "Hof Namy" {*Slow rF++ AC+4}
 49821 | Crypt:1  | Identified the amulet "Vorghook" {RegenMP rC- Dex+5}
 50007 | Crypt:2  | Noticed Jory
 50008 | Crypt:2  | Reached skill level 1 in Evocations
 50019 | Crypt:2  | Killed Jory
 50033 | Crypt:2  | Noticed Bai Suzhen
 50037 | Crypt:2  | Killed Bai Suzhen
 50769 | Crypt:3  | Entered Level 3 of the Crypt
 51062 | Crypt:3  | Noticed a dread lich
 51067 | Crypt:3  | Killed a dread lich
 51068 | Crypt:3  | Reached skill level 1 in Spellcasting
 51337 | Crypt:3  | Found a basalt altar of Yredelemnul.
 51377 | Crypt:3  | Identified the ring of Hiephewah {Fire rN+ Int+2 Stlth+}
 51384 | Crypt:3  | Identified the +7 war axe "Hiwerio" {flame, *Rage rPois
                  | rN+++ Dex+4}
 51502 | Crypt:3  | Found a staircase to the Tomb.
 51508 | Crypt:3  | Got Leptupn's Papyrus of Black Arts
 52004 | D:15     | Bought a scroll of acquirement for 2080 gold pieces
 52005 | D:15     | Acquired a manual of Spellcasting
 52007 | D:15     | Acquired a manual of Throwing
 52192 | Tomb:1   | Entered Level 1 of the Tomb of the Ancients
 52352 | Tomb:1   | Reached skill level 5 in Spellcasting
 52548 | Tomb:1   | Noticed a royal mummy
 52559 | Tomb:1   | Killed a royal mummy
 52680 | Tomb:1   | Identified the +5 chain mail of Aheakh {rCorr}
 52855 | Tomb:2   | Noticed a royal mummy
 52855 | Tomb:2   | Noticed a royal mummy
 52859 | Tomb:2   | Killed a royal mummy
 52861 | Tomb:2   | Noticed a royal mummy
 52864 | Tomb:2   | Killed a royal mummy
 52867 | Tomb:2   | Noticed a royal mummy
 52870 | Tomb:2   | Noticed a royal mummy
 52880 | Tomb:2   | Killed a royal mummy
 52884 | Tomb:2   | Killed a royal mummy
 52885 | Tomb:2   | Killed a royal mummy
 53237 | Tomb:1   | Noticed a royal mummy
 53237 | Tomb:1   | Noticed a royal mummy
 53237 | Tomb:1   | Noticed a royal mummy
 53246 | Tomb:1   | Noticed a royal mummy
 53252 | Tomb:1   | Killed a royal mummy
 53257 | Tomb:1   | Noticed a royal mummy
 53260 | Tomb:1   | Killed a royal mummy
 53264 | Tomb:1   | Killed a royal mummy
 53269 | Tomb:1   | Killed a royal mummy
 53280 | Tomb:1   | Killed a royal mummy
 53284 | Tomb:1   | Noticed a royal mummy
 53291 | Tomb:1   | Killed a royal mummy
 53312 | Tomb:1   | Noticed a royal mummy
 53332 | Tomb:1   | Killed a royal mummy
 53415 | Tomb:1   | Noticed a royal mummy
 53428 | Tomb:1   | Killed a royal mummy
 53441 | Tomb:1   | Noticed a royal mummy
 53445 | Tomb:1   | Noticed a royal mummy
 53445 | Tomb:1   | Killed a royal mummy
 53453 | Tomb:1   | Killed a royal mummy
 53460 | Tomb:1   | Noticed a royal mummy
 53467 | Tomb:1   | Killed a royal mummy
 53481 | Tomb:1   | Noticed a royal mummy
 53495 | Tomb:1   | Noticed a royal mummy
 53497 | Tomb:1   | Killed a royal mummy
 53511 | Tomb:1   | Killed a royal mummy
 53515 | Tomb:1   | Noticed a royal mummy
 53531 | Tomb:1   | Killed a royal mummy
 53532 | Tomb:1   | Reached skill level 10 in Spellcasting
 53607 | Tomb:1   | Noticed a royal mummy
 53706 | Tomb:1   | Killed a royal mummy
 53922 | Tomb:3   | Entered Level 3 of the Tomb of the Ancients
 53937 | Tomb:3   | HP: 11/273 [bennu (20)]
 53938 | Tomb:3   | Noticed a royal mummy
 53940 | Tomb:3   | Noticed a royal mummy
 53943 | Tomb:3   | Noticed a royal mummy
 53944 | Tomb:3   | Noticed a royal mummy
 53944 | Tomb:3   | Noticed a royal mummy
 53950 | Tomb:3   | Noticed a royal mummy
 53954 | Tomb:3   | Noticed a royal mummy
 53954 | Tomb:3   | Killed a royal mummy
 53954 | Tomb:3   | HP: 13/273 [death scarab (18)]
 53968 | Tomb:3   | HP: 6/273 [bennu (20)]
 54152 | Tomb:3   | Noticed a royal mummy
 54173 | Tomb:3   | Killed a royal mummy
 54202 | Tomb:3   | Killed a royal mummy
 54216 | Tomb:3   | Killed a royal mummy
 54237 | Tomb:3   | Killed a royal mummy
 54245 | Tomb:3   | Killed a royal mummy
 54268 | Tomb:3   | Noticed a royal mummy
 54271 | Tomb:3   | Killed a royal mummy
 54273 | Tomb:3   | Killed a royal mummy
 54274 | Tomb:3   | Killed a royal mummy
 54501 | Tomb:3   | Found the +13 scythe of Curses {drain, Drain}
 54513 | Tomb:3   | Identified the +9 hand crossbow "Kanuky" {freeze, Str+2}
 54519 | Tomb:3   | Identified the +6 quick blade of the Endless March {elec,
                  | Fly Int+5 Stlth+}
 54545 | Tomb:3   | Identified the ring "Midaysianem" {Fire Str+2}
 54550 | Tomb:3   | Identified the +5 trident of Proximity {flame, Str+4 Int+2
                  | Dex-3}
 54551 | Tomb:3   | Identified the +9 spear of Hocyuc {vorpal, rF+ rN+++ Str-3
                  | Stlth-}
 54660 | Tomb:3   | Got a golden rune of Zot
 55198 | Lair:1   | Learned a level 2 spell: Blink
 55336 | Hell     | Entered the Vestibule of Hell
 55336 | Hell     | Noticed Geryon
 55345 | Hell     | Killed Geryon
 55501 | Hell     | Found a gateway to the freezing wastes of Cocytus.
 55628 | Hell     | Found a gateway to the Iron City of Dis.
 55783 | Hell     | Found a gateway to the ashen valley of Gehenna.
 55851 | Hell     | Found a gateway to the decaying netherworld of Tartarus.
 56029 | Tar:1    | Entered Level 1 of Tartarus
 56072 | Tar:1    | Noticed an ancient lich
 56074 | Tar:1    | Noticed a dread lich
 56083 | Tar:1    | Killed an ancient lich
 56083 | Tar:1    | Killed a dread lich
 56084 | Tar:1    | Noticed a dread lich
 56086 | Tar:1    | Paralysed by a dread lich for 6 turns
 56093 | Tar:1    | Noticed a dread lich
 56093 | Tar:1    | Killed a dread lich
 56106 | Tar:1    | Killed a dread lich
 56121 | Tar:1    | Noticed an ancient lich
 56121 | Tar:1    | Noticed an ancient lich
 56121 | Tar:1    | Noticed a dread lich
 56122 | Tar:1    | Noticed an ancient lich
 56122 | Tar:1    | Noticed an ancient lich
 56135 | Tar:1    | HP: 4/273 [ancient lich/bolt of acid (19)]
 56135 | Tar:1    | Slain by an ancient lich

Illustrated notes

Levels and vault maps discovered:
D:1:      lightli_arrival_statuegarden, layout_rooms
D:2:      layout_loops_ring, serial_shops, shop_statue, basic_altar,
          shapermc_ecumenical_altar_mp_urbaneastern,
          minmay_fractal_squares_gapless_5, uniq_robin
D:3:      layout_basic
D:4:      layout_cave_pools, mainiacjoe_overflow_alcove_2, kennysheep_mini_moat,
          grunt_ashenzari_visionary [grunt_ashenzari_visionary_shoals,
          grunt_ashenzari_visionary_snake], serial_shops,
          nicolae_shop_statue_plus, uniq_grinder
D:5:      layout_layer_cave, good_gods_mini_temple, mainiacjoe_overflow_paths,
          lemuel_crystal_altar, saegor_snake_ambush
D:6:      layout_loops_cross, nicolae_uskayaw_murder_on_the_dancefloor,
          minmay_temple_entry_ruins, portal_sewer_entry_d, uniq_pikel,
          uniq_prince_ribbit1
D:7:      cheibrodos_grave_circle, layout_basic, enter_ossuary_3, uniq_maggie,
          uniq_harold
D:8:      layout_basic, due_lair_maze_entry_diamond, minmay_quadrilaterals
D:9:      layout_cave_pools, kennysheep_orc_sif_temple, pf_guarded_unrand_meek,
          uniq_erica, uniq_erolcha
D:10:     layout_rooms, nicolae_vehumet_radiance,
          mainiacjoe_overflow_cross_hatched, serial_shops, shop_statue,
          minmay_misc_feat_encased
D:11:     layout_basic
D:12:     layout_loops_ring, minmay_orc_entry_temple_small
D:13:     layout_basic, gauntlet_entry_generic, statue_in_the_mist_lemuel,
          guppyfry_shop_earth, uniq_urug
D:14:     layout_gridville, hangedman_vaults_entry_quadrant_bands,
          minmay_misc_feat_cross, trog_ov_bears_minmay, uniq_agnes,
          uniq_josephine
D:15:     grunt_enter_depths_snipers, layout_cave_pools, nicolae_water_bricks,
          ebering_ghost_gozag, lightli_church_of_beogh
Temple:   cyrus_temple_forest
Lair:1:   layout_misc_corridors, guppyfry_lair_drakes
Lair:2:   layout_misc_corridors, minmay_shoals_entry_lonely_mermaid,
          minmay_snake_entry_guardpost_small, disabler_island
Lair:3:   gammafunk_indiana_jones, layout_regular_city, lemuel_fruit_fields,
          uniq_fannar
Lair:4:   layout_roguey, eino_house_with_fridge, lemuel_fruit_fields
Lair:5:   layout_big_grid, kennysheep_abandoned_house, uniq_rupert
Lair:6:   evil_forest, layout_regular_city, slime_altar_1, grunt_megastairs_3,
          uniq_sonja
Shoals:1: layout_shoals, uniq_jorgrun
Shoals:2: layout_shoals, uniq_polyphemus, uniq_kirke
Shoals:3: layout_shoals, serial_shops, nicolae_take_the_stairs,
          nicolae_shop_hallway_plus, nicolae_shop_behind_doors, shop,
          nicolae_shop_advertising_works [nicolae_subvault_shop_adworks],
          nicolae_shoals_goliath_grotto, uniq_louise
Shoals:4: shoals_end_grunt_ice, layout_shoals, nicolae_shoals_kraken_party,
          uniq_mlioglotl
Snake:1:  nicolae_snakescales, layout_basic, nicolae_snake_bzzzt, uniq_aizul
Snake:2:  layout_gridlike, serial_shops, shop, shop, shop, shop, st_stairs_8,
          uniq_nikola
Snake:3:  layout_layer_cave, uniq_vashnia
Snake:4:  grunt_snake_rune_serpentine_throne, layout_onion,
          nrook_guardian_serpent_ordinary, grunt_megastairs_2, minmay_shoptagon
Slime:1:  cheibrodos_slime_lost_civilization_2, layout_caves
Slime:2:  layout_caves
Slime:3:  layout_caves
Slime:4:  layout_caves
Slime:5
Orc:1:    layout_caves, special_room [special_room_orc]
Orc:2:    st_orc_elflike, layout_caves
Vaults:1: nicolae_vaults_diagonal_hallway_8, dpeg_vaults_pockets_of_resistance,
          grunt_vaults_trifunnel, hangedman_vaults_snaps,
          vaults_standard_mumra_x, nicolae_vaults_yaktaur_gun_rack,
          hangedman_vaults_corner, hangedman_vaults_trim,
          nicolae_vaults_hallways_thing, vaults_room_door_ring,
          layout_vaults_ring, serial_shops, nicolae_shop_crystal
Vaults:2: vaults_standard_mumra_enter_the_diamond, v_misc_12,
          nicolae_vaults_little_ls, nicolae_vaults_diagonal_hallway_9,
          nicolae_vaults_sealed_display, v_rooms_3,
          nicolae_vaults_little_squares_6, layout_vaults_big_room, serial_shops,
          bzr_entry_islet, uniq_mara, uniq_mennas
Vaults:3: gammafunk_ghost_wrathful_warriors, ontoclasm_vaults_loading_screen,
          hangedman_vaults_restitches, v_misc_16, v_rooms_2,
          ontoclasm_vaults_fault, minmay_crypt_entry_simple_corners,
          hellmonk_guarded_unrand_gong, layout_vaults_omnigrid
Vaults:4: v_pattern_4, hangedman_vaults_nails, vaults_room_octagon,
          hangedman_vaults_corner_blocks, v_misc_9, nicolae_vaults_network_star,
          hangedman_vaults_cutoff, ontoclasm_vaults_twist, vaults_room_octagon,
          vaults_room_door_hall, nicolae_vaults_c_with_doors,
          vaults_dpeg_spiral, layout_vaults_omnibox, serial_shops,
          nicolae_shop_waterfront
Vaults:5
Crypt:1:  evilmike_wizard_prison, layout_misc_corridors,
          grunt_crypt_arrival_webbed, uniq_margery
Crypt:2:  layout_chaotic_city, uniq_jory, uniq_bai_suzhen
Crypt:3:  cryptofortress_bobbens
Tomb:1
Tomb:2
Tomb:3
Depths:1: layout_gridlike, grunt_mini_vestibule, abyss_entry,
          grunt_decor_fettered, minmay_multi_spiral, serial_bayou_shore_b
Depths:2: hangedman_cross_cluster, layout_gridlike, enter_ziggurat_b,
          grunt_decor_one_mirror, serial_shops, shop, hangedman_coc_ice_floe,
          abyss_entry_glasseish, grunt_pan_entry_sceptre
Depths:3: minmay_skeleton_keep, layout_cave_pools,
          hangedman_abyss_or_decor_stagger, serial_shops, bzr_entry_safe,
          pan_entry, hell_entry, abyss_entry, uniq_frederick
Depths:4: regret_index_qazlal_generations, layout_basic, nicolae_benzene_ring,
          hell_entry, okawaru_ov_weapons_minmay
Hell
Tar:1:    layout_honeycomb, nicolae_hells_leichenhalle

Skill      XL: |  1  2  3  4  5  6  7  8  9 10 11 12 13 14 15 16 17 18 19 20 21 22 23 24 25 26 27 |
---------------+----------------------------------------------------------------------------------+-----
Unarmed Combat | 4 5 6 7 8 10 12 15 17 19 20 21 22 24 25 26 27 | 27.0
Throwing       | 4 5 |  5.0
Armour         | 3 5 8 9 10 11 13 15 16 18 23 | 23.0
Shields        | 3 5 7 10 12 14 16 18 23 | 23.0
Fighting       | 5 10 12 13 14 15 18 23 26 27 | 27.0
Evocations     | 4 |  4.6
Spellcasting   | 12 | 12.1
Dodging        | |  2.6

Action                   |  1- 3 |  4- 6 |  7- 9 | 10-12 | 13-15 | 16-18 | 19-21 | 22-24 | 25-27 || total
-------------------------+-------+-------+-------+-------+-------+-------+-------+-------+-------++-------
Melee: Unarmed           |   133 |    79 |   266 |   453 |  1264 |   876 |  1205 |  1212 |  3013 ||  8501
       Punch             |     2 |     3 |    15 |     4 |       |       |       |       |       ||    24
Throw: Throwing net      |       |     3 |     3 |       |       |       |       |       |       ||     6
       Dart              |       |       |    17 |     6 |    18 |     4 |       |       |       ||    45
       Stone             |       |       |     1 |       |       |       |       |       |       ||     1
Invok: Lunge             |       |       |    31 |    62 |   145 |    31 |   148 |   108 |   278 ||   803
       Whirlwind         |       |       |     4 |    39 |   171 |    97 |   226 |   223 |   796 ||  1556
       Serpent's Lash    |       |       |       |     5 |     9 |     5 |     7 |     5 |    19 ||    50
       Heavenly Storm    |       |       |       |       |       |     2 |     4 |       |     6 ||    12
 Abil: Wall Jump         |       |       |       |    26 |    71 |    47 |    33 |    44 |   132 ||   353
Evoke: Wand              |       |       |       |     6 |       |       |       |       |       ||     6
  Use: Potion            |     1 |       |     2 |     3 |     6 |     3 |     1 |     5 |    14 ||    35
       Scroll            |       |       |     9 |     2 |    18 |     4 |     4 |     5 |    19 ||    61
 Stab: Held in net/web   |       |     1 |       |       |       |       |       |       |       ||     1
       Invisible         |       |       |     1 |       |       |       |       |       |       ||     1
       Distracted        |       |       |       |     1 |       |       |       |       |     1 ||     2
       Petrified         |       |       |       |       |     1 |       |       |       |       ||     1
Armor: Leather armour    |    40 |    13 |     1 |       |       |       |       |       |       ||    54
       Chain mail        |       |       |    79 |   105 |   124 |       |       |       |       ||   308
       Plate armour      |       |       |       |       |   202 |   299 |   342 |   389 |   730 ||  1962
Dodge: Dodged            |    76 |    50 |    63 |   105 |   182 |   123 |   219 |   121 |   288 ||  1227
Block: Buckler           |       |       |       |    24 |       |       |       |       |       ||    24
       Kite shield       |       |       |       |    26 |   440 |   352 |   443 |   462 |  1750 ||  3473
